 Dungeon Crawl Stone Soup version 0.31.0-11-ge490571c62 (webtiles) character file.

Game seed: 567191452196270369

81 qw the Shooter (level 4, -4/25 HPs)
             Began as a Deep Elf Hunter on Feb 3, 2024.
             Slain by Sigmund
             ... wielding a +0 scythe
              (6 damage)
             ... on level 3 of the Dungeon.
             The game lasted 00:00:05 (1336 turns).

qw the Shooter (Deep Elf Hunter)                    Turns: 1336, Time: 00:00:06

Health: -4/25      AC:  6    Str: 10    XL:     4   Next: 19%
Magic:  6/6        EV: 11    Int: 14    God:
Gold:   66         SH:  0    Dex: 18    Spells: 3/3 levels left

rFire   . . .        a - +0 shortbow
rCold   . . .        (shield currently unavailable)
rNeg    . . .        f - +0 ring mail
rPois   .            (no helmet)
rElec   .            h - +0 cloak
rCorr   .            (no gloves)
SInv    .            (no boots)
Will    .....        (no amulet)
Stlth   +            (no ring)
HPRegen 0.24/turn    (no ring)
MPRegen 0.10/turn

%: no passive effects
@: no status effects
A: no striking features
a: no special abilities


You were on level 3 of the Dungeon.
You visited 1 branch of the dungeon, and saw 3 of its levels.

You collected 66 gold pieces.


   Skills:
 - Level 1.5 Fighting
 + Level 7.6 Ranged Weapons
 - Level 2.4 Dodging
 - Level 1.2 Stealth


You had 3 spell levels left.
You didn't know any spells.
Your spell library was empty.

Inventory:

Hand Weapons
 a - a +0 shortbow (weapon)
Armour
 b - a +0 pair of boots
 f - a +0 ring mail (worn)
 h - a +0 cloak (worn)
Potions
 d - a potion of magic {unknown}
 j - a potion of attraction {unknown}

Dungeon Overview and Level Annotations

Branches:
Dungeon (3/15)

Altars:

Annotations:
D:3 Sigmund


Message History

Sigmund gestures at you while chanting.
The magic dart hits you but does no damage.
You shoot an arrow. The arrow barely misses the rat.
You shoot an arrow. The arrow hits the rat!
You kill the rat!
You shoot an arrow. The arrow hits Sigmund!
Sigmund is moderately wounded.
Sigmund casts a spell at you. The magic dart hits you!
You shoot an arrow. The arrow hits Sigmund.
Sigmund is heavily wounded.
You shoot an arrow.
The arrow hits Sigmund but does no damage.
Sigmund is heavily wounded.
Sigmund hits you from afar with a +0 scythe!
You shoot an arrow. The arrow barely misses Sigmund.
Sigmund points at you and mumbles some strange words.
You are confused.
1327 ||| DRINKING potion of curing.
You feel better.
1327 ||| (to cure confusion) Sigmund casts a spell.
Sigmund flickers and vanishes!
Deactivating autopickup; reactivate with Ctrl-A.
You shoot an arrow. Something hits you but does no damage.
You shoot an arrow. Something hits you.
You shoot an arrow. Something hits you.
You shoot an arrow. You shoot an arrow. Something hits you.
You shoot an arrow. Something hits you.
You shoot an arrow. Something hits you.
You shoot an arrow. You shoot an arrow. Something hits you.
You die...

...##..#####
...###.....##
##########..########
.................
#########.####### .
#..##
....##..########.
..................
####......@.{%....
#..............
#..............
#.......(...$..
#..............
#..............
#!............#
###############


There were no monsters in sight!

Vanquished Creatures
  3 adders (D:2)
  A ribbon worm (D:2)
  An orc (D:2)
  4 endoplasms
  2 giant cockroaches
  5 goblins
  6 hobgoblins
  2 jackals (D:1)
  2 quokkas
  5 ball pythons
  5 bats
  3 frilled lizards
  4 kobolds (D:2)
  4 rats
47 creatures vanquished.

Notes
Turn   | Place    | Note
-------+----------+-------------------------------------------
     0 | D:1      | qw the Deep Elf Hunter began the quest for the Orb.
     0 | D:1      | Reached XP level 1. HP: 12/12 MP: 3/3
     0 | D:1      | 0 ||| qw: Version: 0.3-a-157-g843a77d
     0 | D:1      | 0 ||| qw: Game counter: 3667
     0 | D:1      | 0 ||| qw: Melee chars always use a shield: true
     0 | D:1      | 0 ||| qw: God list: Okawaru
     0 | D:1      | 0 ||| qw: Allow faded altars: false
     0 | D:1      | 0 ||| qw: Do Orc after clearing Dungeon:15 true
     0 | D:1      | 0 ||| qw: Do second Lair branch before Depths: true
     0 | D:1      | 0 ||| qw: Lair rune preference: random
     0 | D:1      | 0 ||| qw: Goals: Normal
     0 | D:1      | 0 ||| PLANNING D:1-11
   116 | D:1      | Reached skill level 6 in Ranged Weapons
   116 | D:1      | Reached XP level 2. HP: 16/16 MP: 4/4
   510 | D:1      | 510 ||| UPGRADING to +0 cloak.
   515 | D:1      | 515 ||| READING 2 scrolls labelled LOSKAPSOINO.
   515 | D:1      | 515 ||| IDENTIFYING bubbling yellow potion
   516 | D:1      | 516 ||| READING scroll of identify.
   516 | D:1      | 516 ||| IDENTIFYING scroll labelled QEOHEI EM BEM
   517 | D:1      | 517 ||| READING scroll labelled UZEREU OTAPP.
   518 | D:1      | 518 ||| DROPPING scroll of butterflies.
   588 | D:2      | Reached XP level 3. HP: 20/20 MP: 5/5
   614 | D:2      | Reached skill level 7 in Ranged Weapons
   624 | D:2      | HP: 3/20 [ribbon worm (5)]
   625 | D:2      | 625 ||| READING scroll of teleportation.
  1040 | D:2      | Reached XP level 4. HP: 24/25 MP: 6/6
  1145 | D:2      | 1145 ||| UPGRADING to +0 ring mail.
  1155 | D:2      | 1155 ||| DROPPING +0 leather armour.
  1156 | D:2      | 1156 ||| READING scroll labelled EJYXKEEPNI.
  1157 | D:2      | 1157 ||| READING scroll labelled KEKLASH NOMU.
  1158 | D:2      | 1158 ||| READING scroll labelled WIYCWU GIBRIE.
  1319 | D:3      | Noticed Sigmund
  1327 | D:3      | 1327 ||| DRINKING potion of curing.
  1327 | D:3      | 1327 ||| (to cure confusion)
  1333 | D:3      | HP: 6/25 [something (4)]
  1334 | D:3      | HP: 1/25 [something (5)]
  1336 | D:3      | Slain by Sigmund

Levels and vault maps discovered:
D:1:      mushboom_english_gardens, layout_rooms, minmay_small_reverse_x
D:2:      wad_lake_hut, layout_rooms
D:3:      layout_basic, marbit_many_paths, uniq_sigmund

Skill      XL: |  1  2  3 |
---------------+----------+-----
Ranged Weapons | 6 7 |  7.6
Fighting       | |  1.5
Dodging        | |  2.4
Stealth        | |  1.2

Action                     |  1- 3 |  4- 6 || total
---------------------------+-------+-------++-------
   Fire: Shortbow          |   109 |    20 ||   129
    Use: Scroll            |     4 |     3 ||     7
         Potion            |       |     1 ||     1
 Armour: Leather armour    |    23 |       ||    23
         Ring mail         |       |    10 ||    10
  Dodge: Dodged            |    27 |       ||    27

Table legend:
 A = Non-vault XP
 B = Vault XP
 C = Vault XP percentage of total XP
 D = Non-vault monster count
 E = Vault monster count
 F = Vault count percentage of total count
                 A         B        C        D         E       F
            +---------+---------+-------+---------+---------+-------
      Total |     110 |       6 |   5.2 |      43 |       4 |   8.5
            +---------+---------+-------+---------+---------+-------
        D:1 |      29 |       6 |  17.1 |      18 |       4 |  18.2
        D:2 |      74 |       0 |   0.0 |      21 |       0 |   0.0
        D:3 |       7 |       0 |   0.0 |       4 |       0 |   0.0
            +---------+---------+-------+---------+---------+-------
